 Dungeon Crawl Stone Soup version 0.24.1-4-ge52af88ad5 (webtiles) character file.

Game seed: 13292856958197839973, levelgen mode: deterministic

14 Peloso the Covered (level 2, 27/27 HPs)
             Began as a Minotaur Fighter on Apr 12, 2020.
             Got out of the dungeon alive.
             The game lasted 00:00:37 (234 turns).

Peloso the Covered (Minotaur Fighter)                Turns: 234, Time: 00:00:38

Health: 27/27      AC:  4    Str: 20    XL:     2   Next: 27%
Magic:  1/1        EV:  7    Int:  5    God:
Gold:   20         SH:  9    Dex:  9    Spells: 1/1 levels left

rFire    . . .     SeeInvis .   a - +0 long sword
rCold    . . .     Gourm    .   c - +0 shield
rNeg     . . .     Faith    .   b - +0 scale mail
rPois    .         Spirit   .   (helmet restricted)
rElec    +         Reflect  .   (no cloak)
rCorr    .         Harm     .   (no gloves)
MR       .....     Rnd*Rage +   (no boots)
Stlth    ..........             (no amulet)
HPRegen  0.09/turn              (no ring)
MPRegen  0.07/turn              (no ring)

@: no status effects
A: retaliatory headbutt, horns 2, berserk 1, deformed body, electricity
resistance
a: no special abilities


You escaped.
You were not hungry.

You visited 1 branch of the dungeon, and saw 1 of its levels.

You collected 20 gold pieces.

Inventory:

Hand Weapons
 a - a +0 long sword (weapon)
Armour
 b - a +0 scale mail (worn)
 c - a +0 shield (worn)
Scrolls
 g - a scroll of random uselessness {unknown}
 h - a scroll of identify {unknown}
 i - a scroll of blinking {unknown}
Potions
 d - a potion of might
Comestibles
 f - a ration


   Skills:
 + Level 3.7 Fighting
 + Level 2.5 Long Blades
 + Level 4.1 Armour
 + Level 0.6 Dodging
 + Level 3.8 Shields


You had one spell level left.
You didn't know any spells.
Your spell library was empty.

Dungeon Overview and Level Annotations

Branches:
Dungeon (1/15)

Altars:


Innate Abilities, Weirdness & Mutations

You reflexively headbutt those who attack you in melee.
You have a pair of horns on your head.
You tend to lose your temper in combat.
Armour fits poorly on your strangely shaped body.
You are resistant to electric shocks. (rElec)


Message History

You kill the hobgoblin!
The kobold hits you but does no damage.
You see here a +0 club.
You closely miss the kobold. You block the kobold's attack.
You hit the kobold.
You kill the kobold!
You see here a kobold corpse.
It was a potion of curing.
You feel better.
It was a potion of mutation.
You feel extremely strange.
You feel a little pissed off.
Your body twists and deforms.
You feel insulated.
You see here a kobold corpse.
You see here a +0 club.
There is an open door here.
You see here a frilled lizard corpse.
There is a dry fountain here.
There is a staircase leading out of the dungeon here.
Are you sure you want to leave the Dungeon?
This will make you lose the game!
Alright, then stay!
Are you sure you want to leave the Dungeon?
This will make you lose the game!
You have escaped!

#.##### #.###########
###.........####
......(........##
.....⌠...⌠......#
..⌠.........⌠...##
.......≈.........#
.⌠.......[...⌠...#
....≈.....≈.....@#
.⌠...........⌠...# ##
.......≈.........##### ..
..⌠.........⌠...##...##.#..
.....⌠...⌠......#..........
....(..........##....##...
###.........####...........
############# #.†#.......#
.#........(.####).....#####


There were no monsters in sight!

Vanquished Creatures
  A dart slug (D:1)
  A leopard gecko (D:1)
  A bat (D:1)
  A goblin (D:1)
  A hobgoblin (D:1)
  3 kobolds (D:1)
  A frilled lizard (D:1)
9 creatures vanquished.

Notes
Turn   | Place    | Note
-------+----------+-------------------------------------------
     0 | D:1      | Peloso the Minotaur Fighter began the quest for the Orb.
     0 | D:1      | Reached XP level 1. HP: 19/19 MP: 0/0
    47 | D:1      | Reached skill level 4 in Armour
    50 | D:1      | Reached XP level 2. HP: 25/27 MP: 1/1
   176 | D:1      | Gained mutation: You tend to lose your temper in combat.
                  | [potion of mutation]
   176 | D:1      | Gained mutation: Armour fits poorly on your strangely
                  | shaped body. [potion of mutation]
   176 | D:1      | Gained mutation: You are resistant to electric shocks.
                  | (rElec) [potion of mutation]
   234 | D:$      | Got out of the dungeon alive.

Levels and vault maps discovered:
D:1:      dpeg_arrival_stone_temple_mockup, layout_basic

Skill      XL: |  1 |
---------------+----+-----
Armour         | 4 |  4.1
Fighting       | |  3.7
Long Blades    | |  2.5
Dodging        | |  0.6
Shields        | |  3.8

Action                   || total
-------------------------++-------
Melee: Long sword        ||    18
  Use: Potion            ||     2
Armor: Scale mail        ||    18
Dodge: Dodged            ||    13
Block: Shield            ||     7
       Rpst.: Long sword ||     5
